 Dungeon Crawl Stone Soup version 0.23.1 (webtiles) character file.

Game seed: 8647919742768886535

46 Borgoz the Sneak (level 3, 0/28 HPs)
             Began as a Ghoul Enchanter on Mar 3, 2019.
             Slain by a gnoll
             ... wielding a +0 club
              (4 damage)
             ... on level 2 of the Dungeon.
             The game lasted 00:03:10 (2031 turns).

Borgoz the Sneak (Ghoul Enchanter)                  Turns: 2031, Time: 00:03:11

Health: 0/28       AC:  3    Str: 10 (11) XL:     3   Next: 68%
Magic:  5/5        EV: 12    Int: 10      God:
Gold:   52         SH:  0    Dex: 10      Spells: 3/6 levels left

rFire    . . .     SeeInvis .   a - +1 dagger
rCold    + . .     Gourm    .   (no shield)
rNeg     + + +     Faith    .   b - +0 robe
rPois    ∞         Spirit   .   (no helmet)
rElec    .         Reflect  .   (no cloak)
rCorr    .         Harm     .   (no gloves)
MR       .....                  j - +0 pair of boots
Stlth    ++........             (no amulet)
HPRegen  0.00/turn              (no ring)
MPRegen  0.09/turn              (no ring)

@: rotting
A: rotting body, claws 1, carnivore, cold resistance 1, negative energy
resistance 3, inhibited regeneration, torment resistance, unbreathing
a: no special abilities


You were on level 2 of the Dungeon.
You were not hungry.

You visited 1 branch of the dungeon, and saw 2 of its levels.

You collected 52 gold pieces.

Inventory:

Hand Weapons
 a - a +1 dagger (weapon)
Armour
 b - a +0 robe (worn)
 j - a +0 pair of boots (worn)
Scrolls
 c - 3 scrolls of identify {unknown}
 f - a scroll of remove curse {unknown}
 g - a scroll of enchant armour {unknown}
 h - 2 scrolls of teleportation {unknown}
 i - a scroll of noise {unknown}
Potions
 e - a potion of mutation
Comestibles
 d - 6 rations
 k - a chunk of flesh


   Skills:
 * Level 1.0 Fighting
 * Level 1.1 Short Blades
 * Level 0.7 Armour
 * Level 2.2 Dodging
 + Level 3.5 Stealth
 + Level 2.0 Spellcasting
 + Level 2.7 Hexes


You had 3 spell levels left.
You knew the following spells:

 Your Spells              Type           Power        Failure   Level  Hunger
a - Corona                Hex            #......      10%         1    ##.....
b - Ensorcelled Hibernat  Hex/Ice        #.....       26%         2    ###....

Your spell library contained the following spells:

 Spells                   Type           Power        Failure   Level  Hunger
 Confuse                  Hex            #.......     30%         3    ####...
 Tukima's Dance           Hex            #.......     30%         3    ####...
 Dazzling Spray           Conj/Hex       #.....       47%         3    ####...


Dungeon Overview and Level Annotations

Branches:
Dungeon (2/15)

Altars:

Annotations:
D:1 1 runed translucent door


Innate Abilities, Weirdness & Mutations

Your body is rotting away.
You thrive on raw meat.
You are immune to poison.
You have sharp fingernails.
You are carnivorous and can eat meat at any time.
Your flesh is cold resistant. (rC+)
You are immune to negative energy. (rN+++)
You do not regenerate when monsters are visible.
You are immune to unholy pain and torment.
You can survive without breathing.


Message History

Eat one of 5 chunks of flesh? (ye/n/q)
You eat one of the 5 chunks of flesh.
This raw flesh tastes great!
The gnoll hits you with a +0 club!
* * * LOW HITPOINT WARNING * * *
Eat one of 4 chunks of flesh? (ye/n/q)
You eat one of the 4 chunks of flesh.
This raw flesh tastes great!
The gnoll hits you from afar with a +0 spear.
* * * LOW HITPOINT WARNING * * *
The gnoll misses you.
Eat one of 3 chunks of flesh? (ye/n/q)
You eat one of the 3 chunks of flesh.
This raw flesh tastes great!
The gnoll hits you from afar with a +0 spear.
* * * LOW HITPOINT WARNING * * *
The gnoll hits you but does no damage.
Eat one of 2 chunks of flesh? (ye/n/q)
You eat one of the 2 chunks of flesh.
This raw flesh tastes great!
The gnoll hits you from afar with a +0 spear.
* * * LOW HITPOINT WARNING * * *
The gnoll hits you with a +0 club.
You die...

#........########.##
#........# #.# #.......##
#.# ####.#### ##'## #.#
##...## #.#### ##.....## #
#.##.## ##..)....## ##
#.#...####...÷.....####.
#......@ggg........+....
#.#...####.........####.
#.##.## ##.......## ##
#.#### ##.....## # #.#
##...## ###.### ##+##
#.....# #.# #.....#
######.#########
#.....#####.>.............


You could see 3 gnolls.

Vanquished Creatures
  An ooze (D:2)
  A leopard gecko (D:1)
  3 bats
  3 giant cockroaches
  9 goblins
  7 hobgoblins
  4 frilled lizards
  4 kobolds
  5 rats
37 creatures vanquished.

Notes
Turn   | Place    | Note
-------+----------+-------------------------------------------
     0 | D:1      | Borgoz the Ghoul Enchanter began the quest for the Orb.
     0 | D:1      | Reached XP level 1. HP: 14/14 MP: 2/2
     0 | D:1      | Noticed a jelly
     2 | D:1      | Found a runed translucent door.
   128 | D:1      | Reached skill level 1 in Short Blades
   396 | D:1      | Reached XP level 2. HP: 20/22 MP: 3/3
  1075 | D:1      | Reached XP level 3. HP: 26/26 MP: 4/4
  1376 | D:2      | Reached skill level 1 in Fighting
  1802 | D:2      | Learned a level 2 spell: Ensorcelled Hibernation
  2031 | D:2      | Slain by a gnoll

Skill      XL: |  1  2  3 |
---------------+----------+-----
Short Blades   | 1 |  1.1
Dodging        | 2 |  2.2
Fighting       | 1 |  1.0
Spellcasting   | 2 |  2.0
Armour         | |  0.7
Stealth        | |  3.5
Hexes          | |  2.7

Action                   || total
-------------------------++-------
Melee: Dagger            ||   154
  Use: Potion            ||     3
 Stab: Sleeping          ||     6
  Eat: Chunk             ||    16
Armor: Robe              ||    36
Dodge: Dodged            ||    94
